 Dungeon Crawl Stone Soup version 0.17-a0-1582-ge6b0260 (webtiles) character file.

328 patman the Cudgeler (level 6, -6/37 HPs)
             Began as a Tengu Wanderer on July 27, 2015.
             Killed from afar by an orc wizard (9 damage)
             ... with a puff of flame
             ... on level 4 of the Dungeon.
             The game lasted 00:10:04 (4756 turns).

patman the Cudgeler (Tengu Wanderer)                Turns: 4756, Time: 00:10:04

Health: -6/37      AC:  5    Str: 14    XL:     6   Next: 50%
Magic:  7/7        EV:  5    Int: 12    God:
Gold:   188        SH:  0    Dex: 16    Spells: 0 memorised, 5 levels left

rFire  . . .     SeeInvis .     a - +0 flail
rCold  . . .     Clarity  .     p - +0 ring mail
rNeg   . . .     SustAt   .     (no shield)
rPois  .         Gourm    .     (helmet restricted)
rElec  .         Spirit   .     (no cloak)
rCorr  .         Warding  .     (no gloves)
rMut   .         Stasis   .     (boots unavailable)
MR     .....                    (no amulet)
Stlth  +.........               (no ring)
                                f - +2 ring of dexterity

@: not resistant to hostile enchantments, very unstealthy
A: beak, talons 3, able to fly 1
a: Fly


You were on level 4 of the Dungeon.
You were very hungry.

You visited 1 branch of the dungeon, and saw 4 of its levels.

You collected 188 gold pieces.

Inventory:

Hand weapons
 a - a +0 flail (weapon)
 b - a +0 blowgun
 c - a +0 mace
Missiles
 e - 225 stones (quivered)
 q - 31 poisoned needles
Armour
 p - a +0 ring mail (worn)
Jewellery
 f - a +2 ring of dexterity (left hand)
Magical devices
 w - a wand of digging (13)
Scrolls
 h - a scroll of immolation {unknown}
 j - 3 scrolls of remove curse
 m - 2 scrolls of teleportation {unknown}
 n - a scroll of recharging {unknown}
 s - 2 scrolls of enchant armour {unknown}
 t - a scroll of enchant weapon {unknown}
 x - a scroll of fear {unknown}
Potions
 g - a potion of magic
 i - a potion of degeneration
 k - a potion of curing {unknown}
 l - 3 potions of brilliance
 o - a potion of resistance {unknown}
 r - a potion of lignification {unknown}
 u - a potion of flight {unknown}
 v - 2 potions of berserk rage
Comestibles
 d - 2 bread rations
 z - 2 fruits


   Skills:
 - Level 3.0 Fighting
 + Level 7.3 Maces & Flails
 - Level 2.1 Throwing
 - Level 1.1 Dodging
 - Level 2.1 Unarmed Combat


You had 5 spell levels left.
You didn't know any spells.

Dungeon Overview and Level Annotations

Branches:
Dungeon (4/15)
 Temple: D:4-7

Altars:

Annotations:
D:4 patman's ghost, average HaFi


Innate Abilities, Weirdness & Mutations

You have a beak for a mouth.
You have claws for feet.
You can fly.


Message History

You closely miss the orc. You claw the orc, but do no damage.
The orc closely misses you.
You hit the orc. You claw the orc, but do no damage. You peck the orc.
The orc is heavily wounded.
The orc hits you with a short sword.
* * * LOW HITPOINT WARNING * * *
The orc wizard gestures wildly while chanting.
The orc wizard seems to speed up.
The orc throws a tomahawk.
The tomahawk barely misses you.
The orc wizard miscasts a cantrip.
The orc wizard casts a spell.
The orc wizard flickers and vanishes!
Deactivating autopickup; reactivate with Ctrl-A.
A puff of frost appears from out of thin air!
The puff of frost hits you!
* * * LOW HITPOINT WARNING * * *
There is a stone staircase leading down here.
A puff of flame appears from out of thin air!
The puff of flame hits you!
You die...

#. #.######## ### #........#
... #.######.######
###.##..#####.##...#
#....#....o........#
#.#.......##..##...#
........@.....###.##
.##.#..####.## #.# . #..####.#
#.# #.......# #.# ### #.
##'###### #.###.## #.# ##...##
#.##.#.## #.### ##.....##
####...###.# #)#.## ##.......#
#(##.##.#.##
#....####.........##.#...##.###


You could see an orc.

Vanquished Creatures
  An ogre (D:4)
  A giant frog skeleton (D:3)
  An orc wizard (D:3)
  Jessica (D:3)
  A worker ant (D:4)
  A hound skeleton (D:4)
  A gnoll (D:4)
  An adder (D:2)
  2 oozes
  4 worms
  2 giant geckos
  6 orcs
  8 bats
  3 giant cockroaches
  5 goblins
  10 hobgoblins
  3 quokkas
  2 ball pythons (D:1)
  4 giant newts
  8 jackals
  10 kobolds
  7 rats
82 creatures vanquished.

Notes
Turn   | Place    | Note
--------------------------------------------------------------
     0 | D:1      | patman the Tengu Wanderer began the quest for the Orb.
     0 | D:1      | patman set off with: 2 potions of berserk rage, a +0 ring mail, a +0 mace, a bread ration
     0 | D:1      | Reached XP level 1. HP: 14/14 MP: 2/2
   151 | D:1      | Reached XP level 2. HP: 10/19 MP: 3/3
   842 | D:1      | Reached XP level 3. HP: 16/23 MP: 4/4
   954 | D:2      | Reached skill level 4 in Maces & Flails
  1710 | D:2      | Reached XP level 4. HP: 8/28 MP: 5/5
  2437 | D:3      | Noticed Jessica
  2441 | D:3      | Killed Jessica
  2441 | D:3      | Reached skill level 5 in Maces & Flails
  2717 | D:3      | Gained mutation: You can fly. [Tengu growth]
  2717 | D:3      | Reached XP level 5. HP: 4/32 MP: 6/6
  3165 | D:3      | Reached skill level 6 in Maces & Flails
  3808 | D:4      | Noticed patman's ghost (average HaFi)
  4535 | D:4      | Noticed an ogre
  4563 | D:4      | Killed an ogre
  4563 | D:4      | Reached skill level 7 in Maces & Flails
  4563 | D:4      | Reached XP level 6. HP: 24/37 MP: 7/7
  4756 | D:4      | Killed from afar by an orc wizard

Vault maps used:
D:1:      dpeg_arrival_morbid_curiosity, st_stairs_5
D:3:      first_bread, st_stairs_14, uniq_jessica
D:4:      minmay_splitting_lines

Action                   |  1- 3 |  4- 6 || total
-------------------------+-------+-------++-------
Melee: Mace              |   119 |    75 ||   194
       Flail             |       |    80 ||    80
 Fire: Blowgun           |       |     2 ||     2
Throw: Stone             |    19 |       ||    19
 Abil: Fly               |       |     1 ||     1
Evoke: Wand              |       |     1 ||     1
  Use: Scroll            |     1 |     4 ||     5
  Eat: Chunk             |     3 |     8 ||    11
